 Dungeon Crawl Stone Soup version 0.28.0-53-g5a82cb258f (webtiles) character file.

Game seed: 5097407724715809776

64 jjjjhere the Sneak (level 4, -3/23 HPs)
             Began as a Vine Stalker Brigand on Aug 10, 2022.
             Slain by a goblin
             ... wielding a +0 club
             ... led by Robin
              (5 damage)
             ... on level 2 of the Dungeon.
             The game lasted 00:02:29 (1825 turns).

jjjjhere the Sneak (Vine Stalker Brigand)           Turns: 1825, Time: 00:02:30

Health: -3/23      AC:  4    Str: 14    XL:     4   Next: 12%
Magic:  0/5        EV: 11    Int: 11    God:
Gold:   71         SH:  0    Dex: 17    Spells: 3/3 levels left

rFire   . . .      SeeInvis .   a - +2 dagger
rCold   . . .      Faith    .   (no shield)
rNeg    . . .      Spirit   +   b - +0 robe
rPois   .          Reflect  .   i - +0 helmet
rElec   .          Harm     .   c - +0 cloak
rCorr   .          Rampage  .   (no gloves)
Will    .....                   (no boots)
Stlth   +++.......              (no amulet)
HPRegen 0.87/turn               (no ring)
MPRegen 0.09/turn               (no ring)

@: flying
A: fangs 2, regeneration 1, magic shield, antimagic bite, no potion heal 2
a: no special abilities


You were on level 2 of the Dungeon.
You visited 1 branch of the dungeon, and saw 2 of its levels.

You collected 71 gold pieces.

Inventory:

Hand Weapons
 a - a +2 dagger (weapon)
Missiles
 d - 8 poisoned darts (quivered)
 e - 2 curare-tipped darts
Armour
 b - a +0 robe (worn)
 c - a +0 cloak (worn)
 h - a +0 ring mail
 i - a +0 helmet (worn)
Jewellery
 g - a ring of poison resistance
Wands
 j - a wand of digging (2)


   Skills:
 - Level 1.7 Fighting
 + Level 3.0 Short Blades
 - Level 1.7 Throwing
 - Level 0.7 Dodging
 + Level 6.0 Stealth


You had 3 spell levels left.
You didn't know any spells.
Your spell library was empty.

Dungeon Overview and Level Annotations

Branches:
Dungeon (2/15)

Altars:

Annotations:
D:2 Robin


Innate Abilities, Weirdness & Mutations

You have extremely sharp teeth.
Your natural rate of healing is unusually fast.
When hurt, damage is shared between your health and your magic reserves.
Your bite disrupts and absorbs the magic of your enemies.
Potions cannot restore your health.


Message History

The goblin hits you with a +0 dagger of holy wrath.
The goblin hits you but does no damage.
There's nothing to close nearby.
Okay, then.
Aiming: Dig
Press: ? - help, Shift-Dir - straight line A rock wall.
The rock shatters into small pieces.
Robin says, "Bow before me, strongest of all the hobgoblins!"
Robin throws the goblin at you! The goblin hits you with a +0 club.
A hobgoblin comes into view.
The goblin closely misses you. x2; The goblin hits you with a +0 club.
The goblin barely misses you.
You barely miss the goblin. You bite the goblin. You drain its power.
You feel invigorated.
The goblin is moderately wounded.
Robin roars a battlecry!
The hobgoblin goes into a battle-frenzy!
The goblin closely misses you. The goblin hits you but does no damage.
The goblin hits you with a +0 dagger of holy wrath.
You hear a shout!
You hit the goblin.
The goblin is severely wounded.
The goblin hits you but does no damage. The goblin hits you with a +0 dagger.
The goblin hits you but does no damage.
You barely miss the goblin.
The goblin is severely wounded.
The goblin misses you.
The goblin hits you with a +0 dagger of holy wrath.
* * * LOW HITPOINT WARNING * * *
The goblin hits you with a +0 club.
* * * LOW HITPOINT WARNING * * *
A kobold comes into view. It is wielding a +0 dagger.
The goblin closely misses you.
It was a potion of flight.
You feel very buoyant.
You fly up into the air.
Robin says, "A pitiful Vine Stalker like you will never find the ORB!"
The goblin hits you with a +0 club.
You die...

#.#.........#####...
#.K...#####.# #.## #.....# #.#
#.# #.. #.g...# #.# #.# #..
#.ggg.# #.### #.# .. #...
#.#g### #...# #.# . #... ...#g#
#...# #.#
#.#..######g#######...# #.#
#.#.......g@g.........# #.## #.
#.........#gg######...###...
#..#.#...###'#.#.#.............
#..#.#...##.....#..#########...
#........##.....##.# #.#>
#..#.##..##.....# ..# #.#.
.........##.....# #.# ####.#.
####.#...##.....# #. ....... #
#...###'#.## .......


You could see Robin, 3 hobgoblins, 7 goblins and a kobold.

Vanquished Creatures
  Jessica (D:2)
  A worm (D:2)
  4 ball pythons
  2 bats
  4 endoplasms (D:1)
  2 goblins
  6 hobgoblins (D:1)
  2 quokkas (D:1)
  A frilled lizard (D:2)
  6 kobolds
  3 rats
32 creatures vanquished.

Notes
Turn   | Place    | Note
-------+----------+-------------------------------------------
     0 | D:1      | jjjjhere the Vine Stalker Brigand began the quest for the
                  | Orb.
     0 | D:1      | Reached XP level 1. HP: 11/11 MP: 2/2
   192 | D:1      | Reached skill level 5 in Stealth
   265 | D:1      | Reached XP level 2. HP: 15/15 MP: 3/3
  1041 | D:2      | Noticed Jessica
  1066 | D:2      | Killed Jessica
  1067 | D:2      | Reached XP level 3. HP: 6/18 MP: 2/4
  1305 | D:2      | Noticed Robin
  1620 | D:2      | Gained mutation: Your natural rate of healing is unusually
                  | fast. [Vine Stalker growth]
  1620 | D:2      | Reached XP level 4. HP: 11/23 MP: 3/5
  1647 | D:2      | Reached skill level 6 in Stealth
  1823 | D:2      | HP: 7/23 [goblin/+0 dagger[Robin] (5)]
  1824 | D:2      | HP: 1/23 [goblin/+0 club[Robin] (3)]
  1825 | D:2      | Slain by a goblin

Illustrated notes

Levels and vault maps discovered:
D:1:      psy_arrival_radial02, layout_basic, nrook_loot_triangle,
          minmay_split_cup_small
D:2:      layout_basic, uniq_robin, uniq_jessica

Skill      XL: |  1  2  3  4 |
---------------+-------------+-----
Stealth        | 5 6 |  6.0
Short Blades   | 2 3 |  3.0
Fighting       | |  1.7
Throwing       | |  1.7
Dodging        | |  0.7

Action                   |  1- 3 |  4- 6 || total
-------------------------+-------+-------++-------
Melee: Dagger            |    69 |    19 ||    88
       Bite              |     9 |     3 ||    12
       Punch             |     2 |       ||     2
Throw: Dart              |     1 |       ||     1
Evoke: Wand              |       |     1 ||     1
  Use: Potion            |       |     1 ||     1
 Stab: Sleeping          |     6 |     1 ||     7
       Distracted        |     1 |       ||     1
Armor: Robe              |    16 |     9 ||    25
Dodge: Dodged            |    38 |    14 ||    52
